 Dungeon Crawl Stone Soup version 0.28-a0-845-gfc338a8e3c (webtiles) character file.

Game seed: 11265885239224630588

0 spiderkeys the Ducker (level 1, -19/13 HPs)
             Began as a Deep Elf Abyssal Knight on Nov 13, 2021.
             Was a Follower of Lugonu.
             Killed from afar by a hellion (21 damage)
             ... with damnation
             ... on level 2 of the Abyss.
             The game lasted 00:00:29 (103 turns).

spiderkeys the Ducker (Deep Elf Abyssal Knight)      Turns: 103, Time: 00:00:29

Health: -19/13     AC:  3    Str: 10    XL:     1   Next: 0%
Magic:  4/4        EV: 12    Int: 14    God:    Lugonu [*.....]
Gold:   0          SH:  0    Dex: 15    Spells: 0/0 levels left

rFire   . . .      SeeInvis .   a - +1 short sword
rCold   . . .      Faith    .   (no shield)
rNeg    . . .      Spirit   .   b - +0 leather armour
rPois   .          Reflect  .   (no helmet)
rElec   .          Harm     .   (no cloak)
rCorr   .          Rampage  .   (no gloves)
Will    .....                   (no boots)
Stlth   +.........              (no amulet)
HPRegen 0.04/turn               (no ring)
MPRegen 0.09/turn               (no ring)

@: hasted, very quick
A: no striking features
a: Renounce Religion, Depart the Abyss


You were on level 2 of the Abyss.
You worshipped Lugonu.
Lugonu was aware of your devotion.
You visited 0 branches of the dungeon, and saw 0 of its levels.
You visited the Abyss 1 time.


   Skills:
 + Level 2.4 Fighting
 + Level 2.0 Short Blades
 + Level 0.7 Armour
 + Level 2.4 Dodging
 + Level 2.0 Invocations


You couldn't memorise any spells.
You didn't know any spells.
Your spell library was empty.

Inventory:

Hand Weapons
 a - a +1 short sword (weapon)
Missiles
 d - 22 poisoned darts
Armour
 b - a +0 leather armour (worn)

Dungeon Overview and Level Annotations

Branches:
Dungeon (0/15)

Altars:

#.. ..# #... .. .
...# ..## #.# .
A#. ##.#.##....
#.#. ..#...##..#.#
....
#..#...#....## .
..#...##.#......
.. #....#...#.?#
##..#.#.##@##..#
#....#..2.....#
#.######..#.#..#
.#
#.##)##....#.#.# #
..###.#..##......#
.# . #... ...#
##.##.## # ..#.
#....####k# .#
#....#.#X... #.#
.#
##..###.#...#.## #


You could see a death drake (wandering) and a hellion.


Message History

🤖 Initializing magus.rc ... ✅ Successfully initialized magus.rc [v1.9.10] Welcome, spiderkeys the Deep Elf Abyssal Knight.
The heart of this dungeon contains the incredible artefact, the Orb of Zot.
Lugonu says: Depart the Abyss and spread corruption, my servant! (use the ability menu to exit the Abyss) Press ? for a list of commands and other information.
Found a corrupted altar of Lugonu.
Found a gateway leading out of the Abyss.
Found a gateway leading deeper into the Abyss.
c - an emerald potion
d - 22 poisoned darts
There is a gateway leading deeper into the Abyss here.
You plunge deeper into the Abyss.
Found a corrupted altar of Lugonu.
You enter the shallow water.
Moving in this stuff is going to be slow.
A large abomination comes into view.
You enter the shallow water.
Moving in this stuff is going to be slow.
You enter the shallow water.
Moving in this stuff is going to be slow.
You enter the shallow water.
Moving in this stuff is going to be slow.
A stone giant zombie comes into view.
The stone giant zombie hits you but does no damage.
You see here a scroll labelled HOFAMA GI BEASO.
As you read the scroll labelled HOFAMA GI BEASO, it crumbles to dust.
It is a scroll of identify.
c - a potion of haste The stone giant zombie hits you!
Ouch! That really hurt!
* * * LOW HITPOINT WARNING * * *
😱 HP[-10]
You take 10 damage, and now have 3/13 hp.
MASSIVE DAMAGE!! (PAUSE)
A sixfirhy comes into view. 😨 HP[+1]
You feel yourself speed up.
A tentacled starspawn comes into view.
A chaos spawn comes into view.
Tentacles burst from the starspawn's body! 2 starspawn tentacles come into view.
A death drake comes into view.
A daeva comes into view.
It is wielding a +2 scimitar of holy wrath.
The daeva shouts!
A hellion comes into view.
The hellion gives a hideous shriek!
The hellion hits you.
* * * LOW HITPOINT WARNING * * *
😱 HP[-3]
You take 3 damage, and now have 1/13 hp.
MASSIVE DAMAGE!! (PAUSE) 😱 HP[+1]
The hellion gestures at you.
The sphere of damnation explodes!
The damnation engulfs you!!
Ouch! That really hurt!
You die...

Action                   || total
-------------------------++-------
  Use: Scroll            ||     1
       Potion            ||     1
Armor: Leather armour    ||     1

Levels and vault maps discovered:
Abyss:2:  base: Temple, evilmike_abyss_exit_2, hangedman_decor_points,
          evilmike_abyss_exit_chaos, evilmike_abyss_exit_2,
          evilmike_abyss_exit_9

Notes
Turn   | Place    | Note
-------+----------+-------------------------------------------
     0 | Abyss:1  | spiderkeys the Deep Elf Abyssal Knight began the quest for
                  | the Orb.
     0 | Abyss:1  | Reached XP level 1. HP: 13/13 MP: 4/4
     0 | Abyss:1  | magus.rc [v1.9.10]
    23 | Abyss:2  | Found a corrupted altar of Lugonu.
    41 | Abyss:2  | Noticed a large abomination
    54 | Abyss:2  | Noticed a stone giant zombie
    61 | Abyss:2  | Noticed a large abomination
    64 | Abyss:2  | HP: 3/13 [stone giant zombie (10)]
    65 | Abyss:2  | Noticed a sixfirhy
    75 | Abyss:2  | Noticed a tentacled starspawn
    77 | Abyss:2  | Noticed a chaos spawn
    90 | Abyss:2  | Noticed a death drake
    96 | Abyss:2  | Noticed a daeva
    97 | Abyss:2  | Noticed a hellion
   100 | Abyss:2  | HP: 1/13 [hellion (3)]
   103 | Abyss:2  | Killed from afar by a hellion

Vanquished Creatures (others)
  2 starspawn tentacles (Abyss:2)
2 creatures vanquished.

Table legend:
 A = Non-vault XP
 B = Vault XP
 C = Vault XP percentage of total XP
 D = Non-vault monster count
 E = Vault monster count
 F = Vault count percentage of total count
                 A         B        C        D         E       F
            +---------+---------+-------+---------+---------+-------
      Total |       0 |       0 |   N/A |       0 |       0 |  -nan
            +---------+---------+-------+---------+---------+-------
            +---------+---------+-------+---------+---------+-------

Illustrated notes

Table legend: (Time is in decaauts)
 A = Elapsed time spent in this place.
 B = Non-inter-level travel time spent in this place.
 C = Inter-level travel time spent in this place.
 D = Time resting spent in this place.
 E = Time spent auto-exploring this place.
 F = Levels seen in this place.
 G = Mean time per level.
                   A        B        C        D        E       F      G
               +--------+--------+--------+--------+--------+-----+--------+
         Total |    101 |    101 |      0 |      0 |     24 |   2 |   50.5 |
         Abyss |    101 |    101 |      0 |      0 |     24 |   2 |   50.5 |
               +--------+--------+--------+--------+--------+-----+--------+

Top non-repeatable levels by time:
 Abyss:2: 78 daAuts
 Abyss:1: 23 daAuts
